 Dungeon Crawl Stone Soup version 0.28-a0-655-g4eb62b627b (webtiles) character file.

Game seed: 12528194691291380305

4 ytrimaz the Skirmisher (level 1, 16/20 HPs)
             Began as a Minotaur Abyssal Knight on Oct 12, 2021.
             Was an Initiate of Lugonu.
             Quit the game on level 1 of the Dungeon.
             The game lasted 00:00:36 (110 turns).

ytrimaz the Skirmisher (Minotaur Abyssal Knight)     Turns: 110, Time: 00:00:36

Health: 16/20      AC:  3    Str: 17    XL:     1   Next: 50%
Magic:  1/1        EV: 11    Int:  7    God:    Lugonu [......]
Gold:   0          SH:  0    Dex: 10    Spells: 0/0 levels left

rFire   . . .      SeeInvis .   a - +1 hand axe
rCold   . . .      Faith    .   (no shield)
rNeg    . . .      Spirit   .   b - +0 leather armour
rPois   .          Reflect  .   (helmet restricted)
rElec   .          Harm     .   (no cloak)
rCorr   .          Rampage  .   (no gloves)
Will    .....                   (no boots)
Stlth   +.........              (no amulet)
HPRegen 0.06/turn               (no ring)
MPRegen 0.07/turn               (no ring)

@: no status effects
A: horns 2, retaliatory headbutt
a: Renounce Religion


You were on level 1 of the Dungeon.
You worshipped Lugonu.
Lugonu was noncommittal.
You visited 1 branch of the dungeon, and saw 1 of its levels.
You visited the Abyss 1 time.

Inventory:

Hand Weapons
 a - a +1 hand axe (weapon)
Armour
 b - a +0 leather armour (worn)


   Skills:
 + Level 3.8 Fighting
 + Level 2.4 Axes
 + Level 2.7 Armour
 + Level 1.1 Dodging
 + Level 1.7 Invocations


You couldn't memorise any spells.
You didn't know any spells.
Your spell library was empty.

Dungeon Overview and Level Annotations

Branches:
Dungeon (1/15)

Altars:


Innate Abilities, Weirdness & Mutations

You have a pair of horns on your head.
You reflexively headbutt those who attack you in melee.


Message History

A ball python is nearby!
A ball python is nearby!
A kobold comes into view. It is wielding a +0 short sword.
Found 12 gold pieces.
The kobold shouts!
You hear a shout!
You slash the ball python!
You kill the ball python!
Lugonu accepts your kill.
A rat comes into view.
Found a scroll labelled ALUICU ZOFYOCUE.
You hit the kobold.
You kill the kobold!
Lugonu accepts your kill.
You see here a +0 short sword.
Found a stone staircase leading down.
A rat is nearby!
A rat is nearby!
A rat is nearby!
A kobold comes into view. It is wielding a +0 club.
The rat closely misses you.
The kobold shouts!
You slash the rat!
You kill the rat!
Lugonu accepts your kill.
You hit the kobold. Your headbutt misses the kobold.
The kobold is moderately wounded.
The kobold closely misses you.
You miss the kobold.
The kobold is moderately wounded.
The kobold hits you but does no damage.
You hit the kobold but do no damage.
The kobold is moderately wounded.
The kobold hits you with a +0 club. x2
You barely miss the kobold.
The kobold is moderately wounded.
The kobold completely misses you.
You hit the kobold.
You kill the kobold!
Lugonu accepts your kill.
Are you sure you want to abandon this character and quit the game? (Confirm with "yes".)

*,*,* *,**,,* *,**,,,,,,,,
******+*,****,*#..# *,***,,,,,,,
,,,,,,,,,*,,,,,...##**#########**
,,,,,,,,,,,**r##...#,,#..,....#
,,,,,,,,,,,*#,.....#,,#.#**#..###
,***,,,,,,,*#.##...##+#.#,,#..#..
,+,,,,,,,,,,,...$..+..#.+,,#..'..
,******,**,**,##)..#..#.####..#..
,* *,,,,,,,**,#.@...###....#..###
,* *,**,,,,**,#...).....##...##
** *,**,,,,**,#...############
****,**,,,,**,#....,,,,,,,,,,*
,,,,,**,,,,+,.......,,,,,,,*,*
***,,,,,,,,*#?..###..,******,* *
****,***,,,*#...,,,...******,****
,,,,,,,,,,,.....,,,.>..,,,,,,,,,,
,,,,,******##..#,,,,####****,****


There were no monsters in sight!

Vanquished Creatures
  A ball python (D:1)
  2 kobolds (D:1)
  A rat (D:1)
4 creatures vanquished.

Notes
Turn   | Place    | Note
-------+----------+-------------------------------------------
     0 | Abyss:1  | ytrimaz the Minotaur Abyssal Knight began the quest for the
                  | Orb.
     0 | Abyss:1  | Reached XP level 1. HP: 19/19 MP: 1/1
    64 | Abyss:1  | Noticed a bone dragon
    65 | D:1      | Escaped the Abyss
   110 | D:1      | Quit the game

Illustrated notes

Levels and vault maps discovered:
D:1:      dpeg_arrival_erosion, layout_basic,
          hellmonk_ecumenical_altar_inner_sanctum,
          chequers_serial_rivers_large_a, minmay_misc_feat_tower

Action                   || total
-------------------------++-------
Melee: Hand axe          ||     8
Invok: Depart the Abyss  ||     1
  Use: Scroll            ||     1
Armor: Leather armour    ||     1
Dodge: Dodged            ||     3

Table legend: (Time is in decaauts)
 A = Elapsed time spent in this place.
 B = Non-inter-level travel time spent in this place.
 C = Inter-level travel time spent in this place.
 D = Time resting spent in this place.
 E = Time spent auto-exploring this place.
 F = Levels seen in this place.
 G = Mean time per level.
                   A        B        C        D        E       F      G
               +--------+--------+--------+--------+--------+-----+--------+
         Total |    111 |    111 |      0 |      0 |     82 |   2 |   55.5 |
       Dungeon |     46 |     46 |      0 |      0 |     26 |   1 |   46.0 |
         Abyss |     65 |     65 |      0 |      0 |     56 |   1 |   65.0 |
               +--------+--------+--------+--------+--------+-----+--------+

Top non-repeatable levels by time:
 Abyss:1: 65 daAuts
     D:1: 46 daAuts
